 Dungeon Crawl Stone Soup version 0.17-a0-2002-g92c7e20 (webtiles) character file.

63 truemonolith the Magician (level 3, 0/19 HPs)
             Began as a Deep Elf Conjurer on Oct 8, 2015.
             Slain by a gnoll
             ... wielding a +0 spear
              (8 damage)
             ... on level 2 of the Dungeon.
             The game lasted 00:02:41 (1522 turns).

truemonolith the Magician (Deep Elf Conjurer)       Turns: 1522, Time: 00:02:42

Health: 0/19       AC:  2    Str:  5    XL:     3   Next: 87%
Magic:  1/12       EV: 13    Int: 20    God:
Gold:   36         SH:  0    Dex: 15    Spells: 1 memorised, 12 levels left

rFire  . . .     SeeInvis .     (no weapon)
rCold  . . .     Clarity  .     f - +0 robe
rNeg   . . .     SustAt   .     (no shield)
rPois  .         Gourm    .     (no helmet)
rElec  .         Spirit   .     (no cloak)
rCorr  .         Warding  .     (no gloves)
rMut   .         Stasis   .     (no boots)
MR     .....                    (no amulet)
Stlth  ++........               (no ring)
                                (no ring)

@: not resistant to hostile enchantments, unstealthy
A: no striking features
a: no special abilities


You were on level 2 of the Dungeon.
You were not hungry.

You visited 1 branch of the dungeon, and saw 2 of its levels.

You collected 36 gold pieces.

Inventory:

Armour
 f - a +0 robe (worn)
Scrolls
 a - a scroll of remove curse {unknown}
 c - 2 scrolls of enchant armour {unknown}
 d - 3 scrolls of identify {unknown}
 i - a scroll of enchant weapon {unknown}
Potions
 e - a potion of might {unknown}
 h - a potion of invisibility {unknown}
 l - a potion of lignification {unknown}
Books
 b - a book of Conjurations

   Spells                             Type                      Level
   a - Magic Dart                     Conjuration                  1
   b - Searing Ray                    Conjuration                  2
   c - Dazzling Spray                 Conjuration/Hexes            3
   d - Fulminant Prism                Conjuration/Hexes            4
   e - Iskenderun's Mystic Blast      Conjuration                  4
   f - Iskenderun's Battlesphere      Conjuration/Charms           5
Comestibles
 g - a beef jerky
 j - 3 fruits
 k - a meat ration
 m - a bread ration


   Skills:
 - Level 2.4 Dodging
 - Level 2.4 Stealth
 + Level 5.8 Spellcasting
 - Level 4.3 Conjurations


You had 12 spell levels left.
You knew the following spells:

 Your Spells              Type           Power        Failure   Level  Hunger
a - Magic Dart            Conj           ###.         1%          1    None


Dungeon Overview and Level Annotations

Branches:
Dungeon (2/15)

Altars:


Message History

Confirm with . or Enter, or press ? or * to list all spells.
Aiming: Magic Dart
Press: ? - help, Shift-Dir - straight line, f/p - gnoll
Aim: a gnoll, wielding a spear (moderately wounded)
The magic dart hits the gnoll.
The gnoll is severely wounded.
The gnoll barely misses you.
Casting: Magic Dart
Confirm with . or Enter, or press ? or * to list all spells.
Aiming: Magic Dart
Press: ? - help, Shift-Dir - straight line, f/p - gnoll
Aim: a gnoll, wielding a spear (severely wounded)
The magic dart hits the gnoll.
The gnoll is severely wounded.
The gnoll hits you from afar with a spear.
Casting: Magic Dart
Confirm with . or Enter, or press ? or * to list all spells.
You don't have enough magic to cast that spell.
The gnoll hits you from afar with a spear!
You die...

###### #.g).# #'##@# #..
#.# ##### #.} #.####...#
#!g #........#####
######.......)....#
.........####.####.#####
###.###.................
#............###.#####
#.###.#####..# #.#


You could see a gnoll.

Vanquished Creatures
  A gnoll (D:2)
  3 adders (D:2)
  A giant gecko (D:1)
  A giant cockroach (D:1)
  4 goblins (D:1)
  6 hobgoblins
  2 jackals (D:1)
  2 bats
  A giant newt (D:2)
  A quokka (D:2)
  4 rats (D:1)
26 creatures vanquished.

Notes
Turn   | Place    | Note
--------------------------------------------------------------
     0 | D:1      | truemonolith the Deep Elf Conjurer began the quest for the Orb.
     0 | D:1      | Reached XP level 1. HP: 10/10 MP: 6/6
     1 | D:1      | Noticed a demigod
     2 | D:1      | Noticed a tengu
     4 | D:1      | Noticed a draconian
     4 | D:1      | Noticed a ghoul
     6 | D:1      | Noticed a spriggan
     8 | D:1      | Noticed a felid
     8 | D:1      | Noticed a dwarf
    10 | D:1      | Noticed an ogre
    10 | D:1      | Noticed a centaur
    12 | D:1      | Noticed a minotaur
    12 | D:1      | Noticed a troll
    14 | D:1      | Noticed a vampire
    16 | D:1      | Noticed a formicid
    16 | D:1      | Noticed a demonspawn
    18 | D:1      | Noticed a gargoyle
    18 | D:1      | Noticed an elf
    20 | D:1      | Noticed a merfolk
    20 | D:1      | Noticed an octopode
    22 | D:1      | Noticed a naga
    24 | D:1      | Noticed a human
    26 | D:1      | Noticed a vine stalker
   466 | D:1      | Reached XP level 2. HP: 15/15 MP: 6/8
  1366 | D:2      | Reached skill level 5 in Spellcasting
  1366 | D:2      | Reached XP level 3. HP: 19/19 MP: 6/11
  1522 | D:2      | Slain by a gnoll

Vault maps used:
D:1:      kb_arrival_jail
D:2:      amalloy_card_club

Action                   || total
-------------------------++-------
 Cast: Magic Dart        ||    59
  Eat: Bread ration      ||     1
